 Dungeon Crawl Stone Soup version 0.24-a0-618-ge4662a2d14 (webtiles) character file.

Game seed: 3677256090634752777, levelgen mode: deterministic

98 Oninnaise the Chopper (level 4, -4/33 HPs)
             Began as a Demonspawn Gladiator on Sept 16, 2019.
             Slain by an orc
             ... wielding a +0 trident
              (5 damage)
             ... on level 3 of the Dungeon.
             The game lasted 00:05:01 (3062 turns).

Oninnaise the Chopper (Demonspawn Gladiator)        Turns: 3062, Time: 00:05:01

Health: -4/33      AC:  4    Str: 13    XL:     4   Next: 44%
Magic:  4/4        EV: 12    Int: 10    God:
Gold:   74         SH:  0    Dex: 14    Spells: 3/3 levels left

rFire    + . .     SeeInvis .   a - +1 war axe
rCold    + . .     Gourm    .   (no shield)
rNeg     . . .     Faith    .   b - +0 leather armour
rPois    .         Spirit   .   c - +0 helmet
rElec    .         Reflect  .   k - scarf {rC+ rF+}
rCorr    .         Harm     .   (no gloves)
MR       .....                  (no boots)
Stlth    +.........             (no amulet)
HPRegen  0.11/turn              (no ring)
MPRegen  0.09/turn              (no ring)

@: no status effects
A: hooves 1, mutation resistance 1, powered by pain 1, weak 1, no potion heal 1
a: no special abilities


You were on level 3 of the Dungeon.
You were not hungry.

You visited 1 branch of the dungeon, and saw 3 of its levels.

You collected 74 gold pieces.

Inventory:

Hand Weapons
 a - a +1 war axe (weapon)
 h - a +0 dagger
Missiles
 d - 3 throwing nets (quivered)
Armour
 b - a +0 leather armour (worn)
 c - a +0 helmet (worn)
 k - a scarf of resistance (worn)
Jewellery
 e - an uncursed ring of flight
 j - an uncursed ring of stealth {unknown}
Scrolls
 g - 2 scrolls of remove curse
 m - a scroll of identify
 n - a scroll of blinking {unknown}
 o - 2 scrolls of amnesia
Potions
 i - a potion of flight
 l - a potion of lignification {unknown}
Comestibles
 f - 4 rations


   Skills:
 - Level 2.0 Fighting
 + Level 4.8 Axes
 - Level 1.7 Throwing
 - Level 2.6 Dodging


You had 3 spell levels left.
You didn't know any spells.
Your spell library was empty.

Dungeon Overview and Level Annotations

Branches:
Dungeon (3/15)

Altars:
Ashenzari
Cheibriados
Dithmenos
Gozag
Okawaru


Innate Abilities, Weirdness & Mutations

You have large cloven feet.
You sometimes gain a little power by taking damage.
You are somewhat resistant to further mutation.
You are weak. (Str -2)
Potions are less effective at restoring your health.


Message History

The orc hits you with a +0 trident. The orc hits you with a +0 trident!
* * * LOW HITPOINT WARNING * * *
The jackal bites you but does no damage.
The orc barely misses you.
Things that are here:
a +0 mace; a +0 chain mail You slash the orc!
You kill the orc!
You barely miss the orc. You hit the jackal but do no damage.
You closely miss the orc. The jackal bites you.
* * * LOW HITPOINT WARNING * * *
The orc closely misses you. The jackal bites you.
* * * LOW HITPOINT WARNING * * *
The orc barely misses you. The orc priest closely misses you.
You barely miss the orc priest.
You kick the orc priest, but do no damage.
You barely miss the orc. You slash the jackal!
You kill the jackal!
You hit the orc. The orc hits you with a +0 trident.
You die...

*,**,,**,,,,* #.# #.......#
***,**,,**....######.####...._...
,,,,,,,,,,,.......<....>.........
***,**,,**,#%...####.##..........
*,**,,**,#....#....##..._..8.._
*,**,,,**#....#....##.#........
*,**,*,###....#....##.##._..._.
*,#*,*,....%.†#................
*.#*,*,......o@o.............#.
###.##,*,......o#..........#.###.
.....#,*,.......#..........#.....
....##,*,.......####.......#†####
....##.*,.......* #.......#.#
.......#,....##.* #.......#.#
########,....*#.* #.......#.#
.....#.#*##.,*#.****.......#.#
..#..#.# *,,,,,,,,,,,,,,,,#.#


You could see an orc priest and 2 orcs.

Vanquished Creatures
  An adder (D:3)
  2 oozes (D:2)
  A worm (D:2)
  A dart slug (D:3)
  A leopard gecko (D:1)
  3 orcs (D:3)
  3 ball pythons
  8 bats
  A giant cockroach (D:1)
  5 hobgoblins
  8 jackals
  A quokka (D:3)
  5 frilled lizards
  12 goblins
  10 kobolds
  7 rats
69 creatures vanquished.

Notes
Turn   | Place    | Note
-------+----------+-------------------------------------------
     0 | D:1      | Oninnaise the Demonspawn Gladiator began the quest for the
                  | Orb.
     0 | D:1      | Reached XP level 1. HP: 16/16 MP: 1/1
    88 | D:1      | Reached skill level 3 in Axes
   218 | D:1      | Gained mutation: You sometimes gain a little power by
                  | taking damage. [demonic ancestry]
   218 | D:1      | Reached XP level 2. HP: 22/22 MP: 2/2
  1355 | D:1      | Reached XP level 3. HP: 25/27 MP: 3/3
  1500 | D:2      | Reached skill level 4 in Axes
  1592 | D:2      | Gained mutation: Potions are less effective at restoring
                  | your health. [potion of mutation]
  1592 | D:2      | Gained mutation: You are somewhat resistant to further
                  | mutation. [potion of mutation]
  1592 | D:2      | Gained mutation: You are weak. (Str -2) [potion of
                  | mutation]
  2533 | D:3      | Gained mutation: You have large cloven feet. [demonic
                  | ancestry]
  2533 | D:3      | Reached XP level 4. HP: 31/33 MP: 4/4
  3033 | D:3      | Found an opulent altar of Gozag.
  3036 | D:3      | Found a snail-covered altar of Cheibriados.
  3037 | D:3      | Found a shadowy altar of Dithmenos.
  3037 | D:3      | Found a shattered altar of Ashenzari.
  3040 | D:3      | Found an iron altar of Okawaru.
  3061 | D:3      | HP: 1/33 [jackal (1)]
  3062 | D:3      | Slain by an orc

Levels and vault maps discovered:
D:1:      sevenhm_arrival_forest_fort_small_4, layout_loops_ring, minmay_cut_off
D:2:      layout_basic
D:3:      layout_basic, grunt_temple_overflow_open, hangedman_decor_peaks_small

Skill      XL: |  1  2  3 |
---------------+----------+-----
Axes           | 3 4 |  4.8
Fighting       | |  2.0
Throwing       | |  1.7
Dodging        | |  2.6

Action                   |  1- 3 |  4- 6 || total
-------------------------+-------+-------++-------
Melee: War axe           |   147 |    29 ||   176
       Kick              |       |     4 ||     4
  Use: Scroll            |     6 |     1 ||     7
       Potion            |     3 |       ||     3
 Stab: Sleeping          |     2 |       ||     2
  Eat: Ration            |     2 |       ||     2
Armor: Leather armour    |    53 |    14 ||    67
Dodge: Dodged            |    82 |    38 ||   120

Table legend:
 A = Non-vault XP
 B = Vault XP
 C = Vault XP percentage of total XP
 D = Non-vault monster count
 E = Vault monster count
 F = Vault count percentage of total count
                 A         B        C        D         E       F
            +---------+---------+-------+---------+---------+-------
      Total |     132 |       9 |   6.4 |      65 |       4 |   5.8
            +---------+---------+-------+---------+---------+-------
        D:1 |      34 |       9 |  20.9 |      22 |       4 |  15.4
        D:2 |      53 |       0 |   0.0 |      26 |       0 |   0.0
        D:3 |      45 |       0 |   0.0 |      17 |       0 |   0.0
            +---------+---------+-------+---------+---------+-------
